Unix NetHack Version 5.0.0-0 post-release - last build Jun 10 2026 00:39:30 (3ee93aec679c4c4259841fe613dc97188e26a321,branch:main).

Game began 2026-06-28 07:57:44, ended 2026-06-28 08:42:25.

DiePARTEI, neutral female human Tourist

                                ----   --------
                                |..-----......|
                                |0....^.......|
                                |^------......|
                                |^|    |.%....|
                                |^|------@----|
                                |^||....|.S...|
                                |^||.000|.....|
                                |^|-..........|
                                |<|>...---....|
                                -------- ------

DiePARTEI the Excursionist  St:10 Dx:11 Co:15 In:13 Wi:7 Ch:16  Neutral
Dlvl:7  $:91 HP:0(52) Pw:20(20) AC:3  Xp:6 T:2593 

Latest messages:
 You feel more confident in your fighting skills.
 You kill the gecko!
 You see here a gecko corpse.
 You see here a gecko corpse.
 You miss the snake.
 The snake bites!
 You hit the snake.
 You hit the snake.
 The snake bites!
 You miss the snake.
 You are now more skilled in bare handed combat.
 You miss the snake.
 The snake bites!
 You hit the snake.
 The snake bites!
 You miss the snake.
 The snake bites!
 The snake's bite was poisoned!
 The poison doesn't seem to affect you.
 You hit the snake.
 The snake bites!
 You hit the snake.
 You miss the snake.
 The snake bites!
 You miss the snake.
 The snake bites!
 You miss the snake.
 The snake bites!
 You hit the snake.
 The snake bites!
 You miss the snake.
 The snake bites!
 In what direction? 3
 The dart misses the snake.
 In what direction? 3
 The dart hits the snake.
 The snake bites!
 Are you sure you want to pray? [yn] (n) y
 You begin praying to The Lady.
 The snake bites!
 The snake bites!
 You finish your prayer.
 You feel that The Lady is displeased.
 In what direction? 3
 The dart hits the snake.
 The snake bites!
 You die...
 Do you want your possessions identified? [ynq] (y) y
 Do you want to see your attributes? [ynq] (y) y
 Do you want an account of creatures vanquished? [ynaq] (y) q

Inventory:
 Coins    ('$')
  $ - 91 gold pieces
 Weapons  (')')
  a - 7 +2 darts (at the ready)
  Y - 8 +2 darts
  h - 7 +0 darts
  s - 8 +0 darts
  q - a +0 dagger
 Armor    ('[')
  V - an uncursed +3 pair of speed boots (being worn)
  I - an uncursed +0 elven cloak (being worn)
  m - an uncursed +0 Hawaiian shirt with a water nymph motif (being worn)
  C - an uncursed +0 leather armor (being worn)
 Comestibles  ('%')
  d - 2 uncursed apples
  E - an uncursed clove of garlic
  F - an uncursed cream pie
  f - 5 uncursed food rations
  u - an uncursed food ration
  b - 3 uncursed fortune cookies
  i - an uncursed melon
  e - 4 uncursed tripe rations
  g - 2 uncursed eggs
 Scrolls  ('?')
  z - an uncursed scroll of blank paper
  R - an uncursed scroll of confuse monster
  P - an uncursed scroll of enchant weapon
  l - 4 uncursed scrolls of magic mapping
 Potions  ('!')
  c - an uncursed potion of booze
  j - a cursed potion of gain ability
  W - an uncursed potion of gain energy
  X - an uncursed potion of paralysis
  Q - a blessed potion of see invisible
  D - an uncursed potion of speed
  L - an uncursed potion of water
 Rings    ('=')
  U - an uncursed ring of free action
  T - a cursed -1 ring of increase accuracy
  M - an uncursed ring of poison resistance
  H - an uncursed ring of searching
 Wands    ('/')
  v - a wand of fire named empty (0:0)
  K - a wand of make invisible (0:6)
 Tools    ('(')
  o - an uncursed credit card
  n - an expensive camera named poisres (0:78)
  r - a magic marker (0:90)
  x - an uncursed magic whistle
  J - an uncursed mirror
  A - a cursed skeleton key
 Gems/Stones  ('*')
  w - an uncursed topaz stone
  p - an uncursed worthless piece of red glass
  G - an uncursed worthless piece of yellowish brown glass
  Z - an uncursed worthless piece of yellowish brown glass

DiePARTEI the Tourist's attributes:

Background:
 You were an Excursionist, a level 6 female human Tourist.
 You were neutral, on a mission for The Lady
 who was opposed by Blind Io (lawful) and Offler (chaotic).
 You were left-handed.
 You were in Sokoban, on level 7.
 You entered the dungeon 2593 turns ago.
 You had 550 experience points, 90 more were needed to attain level 7.

Basics:
 You had 0 out of 52 hit points.
 You had all 20 energy points (spell power).
 Your armor class was 3.
 Your wallet contained 91 zorkmids.
 Autopickup was off.

Final Characteristics:
 Your strength was 10 (peak:14, limit:18/100).
 Your dexterity was 11 (limit:18).
 Your constitution was 15 (limit:18).
 Your intelligence was 13 (limit:18).
 Your wisdom was 7 (limit:18).
 Your charisma was 16 (limit:18).

Final Status:
 You weren't hungry.
 You were unencumbered.
 You were bare handed.
 You had basic skill with bare handed combat.

Final Attributes:
 You had strayed.
 You were poison resistant.
 You were telepathic.
 You were stealthy.
 You were warded.
 You were very fast.
 You are dead.

Miscellaneous:
 You didn't encounter any bones levels.
 Total elapsed playing time was 44 minutes and 40 seconds.

Major events:
 Turn
    1: DiePARTEI the neutral female human Tourist entered the dungeon
  805: attained the rank of Sightseer (level 3)
 2007: stole 2270 zorkmids worth of merchandise from Inuvik's general store
 2007: attained the rank of Excursionist (level 6)
 2453: entered Sokoban
 2593: killed by a snake

You didn't know any spells.

Skills:
 Fighting Skills
   bare handed combat [Basic]
   two weapon combat  [Unskilled]
   riding             [Unskilled]
 Weapon Skills
   dagger             [Unskilled]
   knife              [Unskilled]
   axe                [Unskilled]
   pick-axe           [Unskilled]
   short sword        [Unskilled]
   broadsword         [Unskilled]
   long sword         [Unskilled]
   two-handed sword   [Unskilled]
   saber              [Unskilled]
   mace               [Unskilled]
   morning star       [Unskilled]
   flail              [Unskilled]
   hammer             [Unskilled]
   quarterstaff       [Unskilled]
   polearms           [Unskilled]
   spear              [Unskilled]
   trident            [Unskilled]
   lance              [Unskilled]
   bow                [Unskilled]
   sling              [Unskilled]
   crossbow           [Unskilled]
   dart               [Basic]
   shuriken           [Unskilled]
   boomerang          [Unskilled]
   whip               [Unskilled]
   unicorn horn       [Unskilled]
 Spellcasting Skills
   divination spells  [Unskilled]
   enchantment spells [Unskilled]
   escape spells      [Unskilled]

Voluntary challenges:
 Character rerolling was not enabled.
 You never hit with a wielded weapon.
 You never genocided any monsters.
 You never polymorphed an object.
 You never changed form.
 You used no wishes.
 You did not violate any of the special Sokoban rules.
Achievements:
 You attained the rank of Sightseer.
 You entered a shop.
 You attained the rank of Excursionist.
 You entered Sokoban.

 The Dungeons of Doom: levels 1 to 8
    Level 1:
       A fountain.
    Level 2:
    Level 3:
       A ring shop, some fountains.
    Level 4: "minestotheleft"
       A fountain.
    Level 5:
       A general store, an altar to The Lady, a grave.
    Level 7:
       Many fountains.
       Oracle of Delphi.
    Level 8:
       A fountain.
       Stairs up to Sokoban, level 7.
 Sokoban:
    Level 7: <- You were here.
       Unsolved.
       Final resting place for
          you, killed by a snake.


Vanquished creatures:
  a giant mimic
  4 small mimics
  a giant spider
  a dog
  a raven
  a water nymph
  a rock mole
  a floating eye
  a kobold leader
  a rothe
  a monkey
  2 orc zombies
 an iguana
  a coyote
  2 hobbits
  a giant rat
  3 cave spiders
  a brown mold
  2 geckos
  6 jackals
  a fox
  a goblin
  4 grid bugs
  a bat
  2 lichens
  a kobold zombie
  7 newts
50 creatures vanquished.

No species were genocided or became extinct.

Game over:
                       ----------
                      /          \
                     /    REST    \
                    /      IN      \
                   /     PEACE      \
                  /                  \
                  |    DiePARTEI     |
                  |      91 Au       |
                  |   killed by a    |
                  |      snake       |
                  |                  |
                  |                  |
                  |       2026       |
                 *|     *  *  *      | *
        _________)/\\_//(\/(/\)/\//\/|_)_______

Aloha DiePARTEI the Tourist...

You died in Sokoban on dungeon level 7 with 2620 points,
and 91 pieces of gold, after 2593 moves.
You were level 6 with a maximum of 52 hit points when you died.

